 Dungeon Crawl Stone Soup version 0.29.1-13-g9f3cf754e1 (webtiles) character file.

Game seed: 14347057944471686366

3 theblackgale the Trooper (level 1, -1/19 HPs)
             Began as a Draconian Abyssal Knight on Jan 27, 2023.
             Was a Follower of Lugonu.
             Frozen to death by an endoplasm (2 damage)
             ... on level 1 of the Dungeon.
             The game lasted 00:01:48 (126 turns).

theblackgale the Trooper (Draconian Abyssal Knight)  Turns: 126, Time: 00:01:50

Health: -1/19      AC:  4    Str: 15    XL:     1   Next: 41%
Magic:  2/2        EV: 12    Int: 10    God:    Lugonu [*.....]
Gold:   0          SH:  0    Dex: 11    Spells: 0/0 levels left

rFire   . . .      SeeInvis .   a - +1 falchion
rCold   . . .      Faith    .   (no shield)
rNeg    . . .      Spirit   .   (body armour unavailable)
rPois   .          Reflect  .   (helmet restricted)
rElec   .          Harm     .   (no cloak)
rCorr   .          Rampage  .   (no gloves)
Will    .....                   (no boots)
Stlth   +.........              (no amulet)
HPRegen 0.06/turn               (no ring)
MPRegen 0.08/turn               (no ring)

@: no status effects
A: AC +4, unfitting armour, cold-blooded
a: Renounce Religion, Depart the Abyss


You were on level 1 of the Dungeon.
You worshipped Lugonu.
Lugonu was aware of your devotion.
You visited 1 branch of the dungeon, and saw 1 of its levels.
You visited the Abyss 1 time.

Inventory:

Hand Weapons
 a - a +1 falchion (weapon)
 c - a +0 sling
Potions
 b - a potion of haste {unknown}


   Skills:
 + Level 3.4 Fighting
 + Level 2.1 Long Blades
 + Level 2.1 Dodging
 + Level 2.0 Invocations


You couldn't memorise any spells.
You didn't know any spells.
Your spell library was empty.

Dungeon Overview and Level Annotations

Branches:
Dungeon (1/15)

Altars:


Innate Abilities, Weirdness & Mutations

Your plain brown scales are hard. (AC +4)
You cannot fit into any form of body armour.
You are cold-blooded and may be slowed by cold attacks.


Message History

Lugonu accepts your kill.
A hobgoblin comes into view.
The hobgoblin shouts!
You hear a shout!
An endoplasm comes into view.
The endoplasm quivers.
A rat comes into view.
The endoplasm moves out of view.
A hobgoblin comes into view.
The hobgoblin shouts!
The hobgoblin barely misses you.
You barely miss the hobgoblin.
You tail-slap the hobgoblin, but do no damage.
The hobgoblin misses you.
You hit the hobgoblin.
The hobgoblin is severely wounded.
The hobgoblin hits you.
You hit the hobgoblin.
You kill the hobgoblin!
Lugonu accepts your kill. The hobgoblin closely misses you.
You hit the rat. You tail-slap the rat.
You kill the rat!
Lugonu accepts your kill. The hobgoblin hits you. The hobgoblin misses you.
You hit the hobgoblin.
The hobgoblin is lightly wounded.
The hobgoblin hits you.
You completely miss the hobgoblin.
The hobgoblin is lightly wounded.
The hobgoblin barely misses you. The endoplasm freezes you.
You are frozen.
* * * LOW HITPOINT WARNING * * *
You hit the hobgoblin.
The hobgoblin is heavily wounded.
The hobgoblin hits you.
* * * LOW HITPOINT WARNING * * *
The endoplasm freezes you.
You are frozen.
You die...

.# #..## ...+.#..
...... ##..... . ..
..#.. ..
...###...## ..#
.......#gJ#.....
........@.......
########.##......
#................ #
#.....####..######.
... #.....#
#.........
.....####....#
#.#####.# ##
.............#
#.###.# ..#
...#####....##
#.#.# ...
.............#
##.## #..


You could see an endoplasm and a hobgoblin.

Vanquished Creatures
  A bat (D:1)
  A hobgoblin (D:1)
  A rat (D:1)
3 creatures vanquished.

Notes
Turn   | Place    | Note
-------+----------+-------------------------------------------
     0 | Abyss:1  | theblackgale the Draconian Abyssal Knight began the quest
                  | for the Orb.
     0 | Abyss:1  | Reached XP level 1. HP: 19/19 MP: 2/2
     0 | Abyss:1  | Found a corrupted altar of Lugonu.
    45 | Abyss:1  | Noticed a small abomination
    47 | D:1      | Escaped the Abyss
   126 | D:1      | Frozen to death by an endoplasm

Illustrated notes

Levels and vault maps discovered:
D:1:      minmay_arrival_diagonal_passages, layout_basic, serial_shops, shop,
          hellmonk_ecumenical_altar_blasted

Action                   || total
-------------------------++-------
Melee: Falchion          ||    13
       Tailslap          ||     3
Invok: Depart the Abyss  ||     1
Armor: Skin              ||     4
Dodge: Dodged            ||    16
